Cogmind - Beta 10 X1 @@@ ROGUE MODE // 2020.06.02 @ 07:31:33 Player: Owlsley Result: Destroyed by as-07249 with Assembled Blade Performance ------------- Evolutions (0) 0 Regions Visited (2) 400 Robots Destroyed (24) 120 Value Destroyed (303) 303 Prototype IDs (2) 40 Alien Tech Used (0) 0 Bonus (0) 0 TOTAL SCORE: 863 Bonus ------- None Cogmind --------- Core Integrity 0/250 Matter 210/300 Energy 100/100 System Corruption 0% Temperature Cool (0) Movement Rolling (90) Location -10/Mines Parts ------- > --- POWER (1) -------- (None) > --- PROPULSION (2) --- Armored Wheel Armored Wheel > --- UTILITY (2) ------ Large Storage Unit Propulsion Shielding > --- WEAPON (2) ------- Assault Rifle Assault Rifle > --- INVENTORY (10) --- Armored Treads Compact Wheel Large Storage Unit Heavy EM Pulse Gun Heavy EM Pulse Gun Light Cannon Peak State ------------ > --- POWER ------------ Ion Engine > --- PROPULSION ------- Armored Treads Advanced Treads > --- UTILITY ---------- Large Storage Unit Propulsion Shielding > --- WEAPON ----------- Heavy EM Pulse Gun Assault Rifle > --- INVENTORY -------- Light Ion Engine Armored Wheel Armored Wheel Large Storage Unit Propulsion Shielding Heavy EM Pulse Gun Heavy EM Pulse Gun Assault Rifle Light Cannon Grenade Launcher [Rating: 13] Favorites ----------- Power Ion Engine Engine Ion Engine Propulsion Armored Wheel Treads Armored Treads Leg Aluminum Leg Wheel Armored Wheel Utility Large Storage Unit Storage Large Storage Unit Protection Utility Shielding Weapon Heavy EM Pulse Gun Energy Gun Heavy EM Pulse Gun Ballistic Gun Assault Rifle Ballistic Cannon Light Cannon Launcher Grenade Launcher Build | -11 -10 -10 ------- Run | Scr Mat Min Slots Evolved . | . . . Power . | . . . Propulsion . | . . . Utility . | . . . Weapon . | . . . Parts Attached 29 | 2 14 13 Power 1 | . . 1 Engine 1 | . . 1 Core . | . . . Reactor . | . . . Propulsion 11 | 2 4 5 Treads 3 | . . 3 Leg . | . . . Wheel 8 | 2 4 2 Hover . | . . . Flight . | . . . Utility 5 | . 4 1 Device . | . . . Storage 1 | . 1 . Processor . | . . . Hackware . | . . . Protection 4 | . 3 1 Artifact . | . . . Weapon 12 | . 6 6 Energy Gun 6 | . 5 1 Energy Cannon . | . . . Ballistic Gun 3 | . 1 2 Ballistic Cannon 1 | . . 1 Launcher 2 | . . 2 Special Weapon . | . . . Impact Weapon . | . . . Slashing Weapon . | . . . Piercing Weapon . | . . . Special Melee Weapon . | . . . Unidentified Prototypes . | . . . Parts Lost 7 | . 1 6 Power 2 | . . 2 Propulsion 1 | . . 1 Utility 1 | . . 1 Weapon 3 | . 1 2 Highest Loss Streak 6 | . 1 6 Average Slot Usage (%) 93 | . 96 81 Engine 12 | . 14 8 Treads 1 | . . 8 Wheel 25 | . 27 19 Storage 14 | . 14 14 Protection 12 | . 12 11 Energy Gun 14 | . 15 6 Ballistic Gun 11 | . 11 8 Naked Turns . | . . . Heaviest Build 28 | 13 28 28 Greatest Support 42 | 26 26 42 Greatest Overweight (x) 2 | . 2 2 Average Overweight (x) . | . . . Largest Inventory Capacity 10 | 6 10 10 Average Capacity 9 | 6 9 10 Most Carried 10 | 6 10 10 Average Carried 9 | 6 9 8 Final Capacity 10 | 6 10 10 Final Carried 10 | 6 10 6 Class Distribution -------------------- 100% | Mutant Dominant Class ---------------- Mutant | -10/Materials Mutant | -10/Mines Resources | -11 -10 -10 ----------- Run | Scr Mat Min Matter Collected 538 | 212 244 82 Remotely . | . . . Salvage Created 698 | 55 612 31 Parts 38 | 1 37 . Haulers Intercepted 2 | . 2 . Recyclers Shooed 2 | . 2 . Parts Field Recycled . | . . . Retrieved Matter . | . . . Parts Self-Destructed . | . . . Prevented . | . . . Kills | -11 -10 -10 ------- Run | Scr Mat Min Combat Hostiles Destroyed 17 | . 13 4 Guns 12 | . 11 1 AOE 5 | . 2 3 Classes Destroyed 7 | 1 5 1 Hauler 2 | . 2 . Recycler 3 | 1 2 . Operator 1 | . 1 . Watcher 1 | . 1 . Swarmer 9 | . 9 . Grunt 4 | . 4 . Assembled 4 | . . 4 Best Kill Streak 3 | 1 3 3 Combat Bots Only 3 | . 3 3 Max Kills in Single Turn 2 | 1 2 2 Gunslinging 1 | . 1 . Exploded 2 | . 2 2 Melee . | . . . Uniques/NPCs Destroyed . | . . . Combat | -11 -10 -10 -------- Run | Scr Mat Min Damage Taken 1357 | . 376 981 Core 277 | . 115 162 Absorbed by Shields . | . . . Core Remaining (%) 100 | 100 . . Volleys Fired 54 | 2 44 8 Largest 2 | 2 2 2 Hottest 90 | 40 90 80 Shots Fired 108 | 4 88 16 Gun 102 | 4 88 10 Cannon 4 | . . 4 Launcher 2 | . . 2 Special . | . . . Kinetic 48 | 4 32 12 Thermal . | . . . Explosive 2 | . . 2 Electromagnetic 58 | . 56 2 Robot Hit Streak 9 | 3 9 3 Robot Miss Streak 4 | . 4 2 Penetration Max . | . . . Secondary Targets 1 | . 1 . Max Gunslinging Chain 1 | . 1 . Shots Hit Robots 63 | 3 52 8 Core Hits 32 | 2 21 9 Critical Hits . | . . . Critical Kills . | . . . Critical Parts Destroyed . | . . . Melee Attacks . | . . . Impact . | . . . Slashing . | . . . Piercing . | . . . Sneak Attacks . | . . . Combat Hostiles . | . . . Follow-up Attacks . | . . . Damage Inflicted 1246 | 38 919 289 Guns 806 | 38 691 77 Cannons . | . . . Explosions 440 | . 228 212 Melee . | . . . Ramming . | . . . Kinetic 299 | 38 198 63 Thermal 228 | . 228 . Explosive 212 | . . 212 Electromagnetic 507 | . 493 14 Impact . | . . . Slashing . | . . . Piercing . | . . . Highest Corruption . | . . . Average Corruption . | . . . Corruption Purged . | . . . Overload Shots . | . . . Overflow Damage 21 | . 17 4 Projectiles . | . . . Explosions 21 | . 17 4 Melee . | . . . Knockbacks . | . . . Impact . | . . . Kinetic . | . . . Secondary . | . . . Self-Inflicted Damage 107 | . 56 51 Shots 4 | . 2 2 Rammed . | . . . Targets Rammed . | . . . Kicked . | . . . Crushed . | . . . Highest Temperature 204 | . 204 18 Average Temperature 30 | . 32 8 Received Heat Transfer 150 | . 90 60 Siege Activations . | . . . Robots Corrupted 1 | . 1 . Combat Hostiles . | . . . Parts Fried 2 | . 2 . Impact Corruptions . | . . . Robots Melted . | . . . Combat Hostiles . | . . . Parts Melted 2 | . 2 . Heat Transferred 300 | . 300 . Parts Sabotaged . | . . . Parts Stolen . | . . . Parts Stripped . | . . . Power Chain Reactions 5 | . 5 . Missiles Intercepted . | . . . Alert | -11 -10 -10 ------- Run | Scr Mat Min Peak Influence 191 | 5 191 36 Average Influence 67 | 4 79 15 Maximum Alert Level . | . . . Low Security (%) 100 | 100 100 100 Level 1 . | . . . Level 2 . | . . . Level 3 . | . . . Level 4 . | . . . Level 5 . | . . . High Security . | . . . Max Security . | . . . Squads Dispatched 1 | . 1 . Investigation . | . . . Extermination . | . . . Reinforcement 1 | . 1 . Assault . | . . . Garrison . | . . . Intercept . | . . . Construction Impeded . | . . . Haulers Reinforced . | . . . Stealth | -11 -10 -10 --------- Run | Scr Mat Min Distress Signals . | . . . Communications Jammed . | . . . Distress Signals . | . . . Times Spotted 40 | . 20 20 Peak Tracking Total 10 | . 5 10 Tactical Retreats 4 | . 1 3 Traps | -11 -10 -10 ------- Run | Scr Mat Min Traps Triggered 3 | . 2 1 Indirectly . | . . . Trap Hack Attempts . | . . . Triggered . | . . . Disarmed . | . . . Reprogrammed . | . . . Reused . | . . . Traps Extracted . | . . . Installed . | . . . Triggered . | . . . Machines | -11 -10 -10 ---------- Run | Scr Mat Min Machines Disabled 1 | . 1 . Max in Single Turn 1 | . 1 . Machines Sabotaged . | . . . Garrisons Compromised . | . . . Overloaded Fab Kills . | . . . Fab Network Shutdowns . | . . . Hacking | -11 -10 -10 --------- Run | Scr Mat Min Machines Accessed 7 | . 6 1 Terminals 5 | . 5 . Fabricators . | . . . Repair Stations 1 | . 1 . Recycling Units . | . . . Scanalyzers . | . . . Garrison Access . | . . . Total Hacks 21 | . 20 1 Successful 12 | . 11 1 Failed 9 | . 9 . Catastrophic 1 | . 1 . Database Lockouts . | . . . Manual 13 | . 13 . Terminals 16 | . 16 . Fabricators . | . . . Repair Stations 4 | . 4 . Recycling Units . | . . . Scanalyzers . | . . . Garrison Access . | . . . Terminal Hacks 6 | . 5 1 Prototype ID Bank 1 | . 1 . Open Door 1 | . . 1 Emergency Access Points 1 | . 1 . Hauler Manifests 1 | . 1 . Zone Layout 2 | . 2 . Fabricator Hacks . | . . . Repair Station Hacks 4 | . 4 . Scan Component 2 | . 2 . Repair 2 | . 2 . Recycling Unit Hacks . | . . . Scanalyzer . | . . . Garrison Access Hacks . | . . . Unauthorized Hacks 2 | . 2 . Terminals 2 | . 2 . Track 1 | . 1 . Operators 1 | . 1 . Fabricators . | . . . Repair Stations . | . . . Recycling Units . | . . . Scanalyzers . | . . . Garrison Access . | . . . Data Cores Recovered . | . . . Used . | . . . Hacking Detections 6 | . 6 . Full Trace Events . | . . . Feedback Events . | . . . Feedback Blocked . | . . . Robot Schematics Acquired . | . . . Robots Built . | . . . Matter . | . . . Time . | . . . Total Robot Build Rating . | . . . Part Schematics Acquired . | . . . Parts Built . | . . . Matter . | . . . Time . | . . . Total Part Build Rating . | . . . Parts Repaired 2 | . 2 . Time 64 | . 64 . Parts Recycled . | . . . Recycled Matter . | . . . Retrieved Matter . | . . . Retrieved Components . | . . . Parts Scanalyzed . | . . . Part Schematics Acquired . | . . . Parts Damaged . | . . . Bothacking | -11 -10 -10 ------------ Run | Scr Mat Min Used RIF Installer . | . . . Robots Hacked . | . . . Non-combat . | . . . Combat . | . . . Robot Hacks Applied . | . . . Relay Couplers Released . | . . . Robots Rewired . | . . . Allies Hacked . | . . . Hacks Repelled . | . . . Allies | -11 -10 -10 -------- Run | Scr Mat Min Total Allies . | . . . Largest Group . | . . . Highest-Rated Group . | . . . Highest-Rated Ally . | . . . Total Orders . | . . . Ally Attacks . | . . . Total Damage . | . . . Kills . | . . . Allies Corrupted . | . . . Allies Melted . | . . . Intel | -11 -10 -10 ------- Run | Scr Mat Min Robot Analysis Total . | . . . Derelict Logs Recovered 1 | . . 1 Drone Launches . | . . . Drone Recoveries . | . . . Exploration | -11 -10 -10 ------------- Run | Scr Mat Min Turns Passed 1117 | 25 903 189 Spaces Moved 752 | 14 593 145 Core . | . . . Treads 18 | . . 18 Legs 13 | 13 . . Wheels 721 | 1 593 127 Hover . | . . . Flight . | . . . Fastest Speed 90 | 90 90 90 Average Speed 99 | 117 98 101 Slowest Speed 190 | 120 110 190 Overloaded Moves . | . . . Propulsion Burnouts . | . . . Robots Hopped . | . . . Cave-ins Triggered . | . . . Exploration Rate (%) 34 | 2 69 31 Regions Visited 2 Branch Regions 1 Pre-discovered Areas . | . . . Known Exits Taken . | . . . Unknown Exits Taken 2 | 1 1 . Scrap Searched 1 | . . 1 Spaces Dug . | . . . Terrain Destroyed 23 | . 12 11 Melee . | . . . Projectile . | . . . AOE 23 | . 12 11 Actions | -11 -10 -10 --------- Run | Scr Mat Min Total 1013 | 17 825 171 Wait 151 | . 151 . Move 750 | 13 592 145 Hop . | . . . Pick Up 14 | . 13 1 Fast Attach 11 | . 8 3 Attach 9 | . 3 6 Detach 1 | . . 1 Swap 9 | 2 3 4 Drop 14 | . 11 3 Fire 54 | 2 44 8 Melee . | . . . Ram . | . . . Kick . | . . . Crush . | . . . Escape Stasis . | . . . Rewire . | . . . Trap . | . . . Miscellaneous . | . . . Route ------- -11/Scrapyard -10/Materials (discovered 3 exits: [*Mat x2] / *Min) -10/Mines History --------- Turn | Location | Event 7 | -11/Scrapyard | Discovered new exit (range 2) 26 | -11/Scrapyard | Entered Materials 244 | -10/Materials | Discovered new exit (range 16) 311 | -10/Materials | Build established: Mutant 440 | -10/Materials | Repaired Hvy. EM Pulse Gun 474 | -10/Materials | Repaired Arm. Wheel 753 | -10/Materials | Discovered new exit (range 12) 918 | -10/Materials | Discovered new exit (range 8) 929 | -10/Materials | Entered Mines 952 | -10/Mines | Met a Derelict who couldn't figure out how to use a Trap Extractor 955 | -10/Mines | Core integrity fell below 50% 980 | -10/Mines | Assembled infested the area 983 | -10/Mines | Learned 2 Materials zone layouts 1018 | -10/Mines | Core integrity fell below 20% 1061 | -10/Mines | Lost 6 parts (2p1n1u2w) 1118 | -10/Mines | Destroyed by as-07249 with Assembled Blade Last Messages --------------- 01036_ Found Lgt. Cannon. 01036_ Found Sensor Array. 01036_ Found 19 Matter. 01037_ Acquired 50 matter. 01068_ An audio recording is triggered: "If you're looking for Megawrench, sorry but we're not in our cave right now, after essentially being evicted by all these Unaware tunnelers." 01071_ "Blame H1-IDC, who apparently didn't care about the consequences of repeatedly making a mess in Materials. Shooting at robots and generally destroying stuff raised the alert level high enough to trigger assault squads over in the main complex, and they later decided the best way to defend their interests would be to start expanding in this direction." 01086_ Destroyed Asb. Hover Unit. 01089_ as-52868 destroyed. 01092_ Acquired 18 matter. 01108_ Acquired 14 matter. 01112_ Acquired Com. Wheel. 01117_ K-01 Serf system corrupted by crushing effect. Map ----- +----------------------------------------------------+ | ????????????# #?????????????????????? | | ????????????# #?????????????????????? | | ????????????# ########??????#####??????????? | | ????????????# #????????????## ##???? ?#??? | | ????????????# %##???????????# ##?? | | ????????????## % ##?????????## ## | | ??????????##### ##???????## | | ??????????# " #???????# | | ??????????# /=[#X # ##??????# | | ?????????##" # ##?????# ## | | ?????????# ]! ##????# ##?????? | | ?????????## = # #???## #######??????? | | ??????????# ## #???# ##????????????? | | ??????????##### #??## ##?????????????? | | ??????????????## ##??# ##?????????????? | | ???????????????## ##### ### #?????? | | ????????????????## #??????? | | ?????????????????## ##??????? | | ??????????????????## ## #### ##???????? | | ???????????????????#### ## #??# ###????????? | | ??????????????????????# ## #??# ##??????????? | | ??????????????????????# %#??## #???????????? | | ??????????????????????####!#???### ##???????????? | | ?????????????????????????#%#??????###????????????? | | ?????????????????#$#######k#????? ? #??????????? | | ?????????????????# a@a#???? # #??????????? | | ?????????????????######### #??## ### ???????????? | | ?????????????????######### #?# %%% ??????????????? | | ?????????????????# # # #?????????????????? | | ?????????????????# # | #%# #?????????? | | ?????????????????# !=%!= #????????????????? | | ?????????????????# """ ##### ##????????????????? | | ?????????????????# """ #?????#?????????????????? | | ?????????????????# """ #?????########??????????? | | ?????????????????# #????## ##?????????? | | ?????????????????# #????# ##????????? | | ?????????????????## ########### ##???????? | | ??????????????????# ##### ## ### #???????? | | ??????????????????# ##?## ##???????? | | ??????????????????##### ##???####????????? | | ??????????????????????# #????????????????? | | ??????????????????????## ##????????????????? | | ???????????????????????### ##?????????????????? | | ?????????????????????????## ##??????????????????? | | ??????????????????????????####???????????????????? | | ?????????????????????????????????????????????????? | | | | | | | | | +----------------------------------------------------+ Best States ------------- Heat Dissipation 25 Energy Generation 10 Energy Capacity 250 Matter Stores 300 Matter Capacity 300 Sight Range 16 Terrain Scan Density 10 Propulsion Shielding 33 Utility Shielding 33 Evasion (%) 42 Recoil Reduction 2 Item Schematics ----------------- None Robot Schematics ------------------ None Fabricated ------------ Nothing Alien Tech Used ----------------- None Achievements -------------- None Challenges ------------ None Game ------ Seed SeismicNullEngine Manual? 0 Play Time 00:14:20 Cumulative 137.2 hours Start 2020.06.02 @ 07:19:28 End 2020.06.02 @ 07:31:33 Sessions 1 Manual Loads 0 Difficulty Rogue Special Mode None Game No. 156 Rogue 156 Adventurer 0 Explorer 0 Win Type - Total 16 Types 9/0/2/5/0/0/0 Lore% 60 Gallery% 76 Achievement% 55 Wizard Run 0 Options --------- ASCII 0 Keyboard 0 Movement Mouse Keybinds 0 Fullscreen 0 Font 20/SmallcapsGlow Map View 66x50 Tactical HUD 1 Map Filters NONE Filters NONE Steam 1 RUN: 42e4c3a4-a98e-45d7-b148-fa642b45e433